 Dungeon Crawl Stone Soup version 0.30.0-29-ga12c61a403 (webtiles) character file.

Game seed: 1770435808955914917

859 seaoflcl the Trooper (level 7, -7/61 HPs)
             Began as a Minotaur Fighter on June 15, 2023.
             Was a Follower of Nemelex Xobeh.
             Succumbed to poison (poison gas)
             ... on level 5 of the Dungeon.
             The game lasted 00:05:02 (4118 turns).

seaoflcl the Trooper (Minotaur Fighter)             Turns: 4118, Time: 00:05:02

Health: -7/61      AC: 13    Str: 23    XL:     7   Next: 71%
Magic:  7/7        EV: 13    Int:  5    God:    Nemelex Xobeh [*.....]
Gold:   241        SH:  4    Dex:  9    Spells: 6/6 levels left

rFire   + . .        h - +2 mace (venom)
rCold   + . .        c - +0 buckler
rNeg    . . .        o - +0 chain mail
rPois   +            (helmet restricted)
rElec   +            (no cloak)
rCorr   +            (no gloves)
SInv    .            p - +2 pair of boots {Fly}
Will    .....        (no amulet) Stlth
                     y - +5 ring of evasion
HPRegen 0.30/turn    (no ring)
MPRegen 0.10/turn

%: no passive effects
@: lethally poisoned (-7 -> -61), resistant, flying
A: horns 2, retaliatory headbutt
a: Renounce Religion, Draw Escape, Draw Destruction, Draw Summoning


You were on level 5 of the Dungeon.
You worshipped Nemelex Xobeh.
Nemelex Xobeh was aware of your devotion.
You visited 1 branch of the dungeon, and saw 5 of its levels.

You collected 241 gold pieces.

Inventory:

Hand Weapons
 a - a +0 war axe
 h - a +2 mace of venom (weapon)
 F - a +2 mace of protection
Missiles
 u - 2 boomerangs of dispersal (quivered)
 z - 5 javelins
 A - a throwing net
 C - 2 boomerangs
Armour
 c - a +0 buckler (worn)
 k - a +0 pair of boots
 o - a +0 chain mail (worn)
 p - a +2 pair of boots of flying (worn)
Jewellery
 q - an amulet of faith
 y - a +5 ring of evasion (left hand)
Wands
 B - a wand of mindburst (8)
 E - a wand of flame (14)
Scrolls
 b - a scroll of magic mapping {unknown}
 f - 2 scrolls of teleportation {unknown}
 g - 4 scrolls of identify {unknown}
 j - 2 scrolls of immolation {unknown}
 n - 3 scrolls of noise {unknown}
 r - a scroll of acquirement {unknown}
 s - a scroll of fog {unknown}
 t - a scroll of fear {unknown}
 D - 2 scrolls of poison {unknown}
 H - a scroll of blinking {unknown}
Potions
 d - a potion of might
 e - a potion of attraction {unknown}
 i - 3 potions of degeneration {unknown}
 l - 2 potions of flight
 m - a potion of heal wounds {unknown}
 v - 2 potions of mutation {unknown}
 w - a potion of berserk rage {unknown}
 x - a potion of haste {unknown}
 G - a potion of brilliance {unknown}


   Skills:
 + Level 5.3 Fighting
 + Level 4.7(5.7) Axes
 * Level 4.9(5.8) Maces & Flails
 + Level 1.4 Throwing
 + Level 5.2 Armour
 + Level 5.3 Shields
 + Level 2.0 Invocations
 + Level 1.8 Evocations


You had 6 spell levels left.
You didn't know any spells.
Your spell library contained the following spells:

 Spells                   Type           Power      Damage    Failure   Level
 Foxfire                  Conj/Fire      0%         2x1d4     98%         1
 Fireball                 Conj/Fire      0%         3d3       100%        5
 Plasma Beam              Fire/Air       0%         2x1d11    100%        6
 Starburst                Conj/Fire      0%         6d3       100%        6


Dungeon Overview and Level Annotations

Branches:
Dungeon (5/15)
 Temple: D:4-7

Altars:
Ashenzari
Nemelex Xobeh
Xom
Yredelemnul

Shops:
D:1 :

Annotations:
D:5 1 transporter


Innate Abilities, Weirdness & Mutations

You have a pair of horns on your head.
You reflexively headbutt those who attack you in melee.


Message History

No target in view!
Partly explored, unvisited transporter.
Partly explored, unvisited transporter.
You see here an adder corpse.
There is a stone staircase leading up here.
Found a potion of resistance.
There is a transporter here.
You enter the transporter and appear at another place.
I - a potion of resistance You reach down and open the gate.
There is an open gate here.
You are engulfed in poison gas.
You are poisoned.
You feel very sick.
You thump the gnoll sergeant zombie! You headbutt the gnoll sergeant zombie.
The gnoll sergeant zombie is heavily damaged.
You are engulfed in poison gas.
You are more poisoned.
You feel very sick.
The gnoll sergeant zombie hits you with a +0 spear of venom!
You barely miss the gnoll sergeant zombie.
You headbutt the gnoll sergeant zombie.
The gnoll sergeant zombie is severely damaged.
You are engulfed in poison gas.
You are more poisoned.
You feel extremely sick.
The gnoll sergeant zombie hits you but does no damage.
You are lethally poisoned!
The orc warrior zombie hits you but does no damage.
You are more poisoned.
You draw a card...
You have drawn Velocity.
Nothing appears to happen.
You are engulfed in poison gas.
You are more poisoned.
* * * LOW HITPOINT WARNING * * *
You feel extremely sick.
The gnoll sergeant zombie hits you with a +0 spear of venom.
* * * LOW HITPOINT WARNING * * *
The orc warrior zombie closely misses you.
Okay, then.
You feel protected.
You die...
Your body disappears without a glow.

#......#.### ##.# ###....####
#......#.# ########...##.....
#......########☼°☼°○#..######..#
#.)....#☼○.°○°#☼○○○°####........
#....>.#.○○.○○#°°°○☼##..)###.###
#......#°☼#.#.°○°.$$#..####..# #
#.....©#○.©...°○☼.!©#©......##
#......#..#.#.°○Z.$)#.......#
###.#..#○°○○○○#@Z°○☼#.[.....#
#..####..○.°°#°°○°☼#..######
#.## ########°○°☼°#....# # #.#
####..##########.####### #.#
##....## #....# #........
#.#####..#### #...## ##.......
#.#.....## #...####..###.##
##...##### #........####.#.
##..### #....##...#.....


You could see a gnoll sergeant zombie and an orc warrior zombie.

Vanquished Creatures
  An ice beast (D:5)
  An ogre (D:5)
  2 phantoms (D:5)
  A scorpion (D:4)
  A jelly (D:5)
  An orc priest (D:3)
  A hound (D:4)
  2 iguanas
  5 orc wizards
  4 gnolls (D:4)
  5 adders
  3 dart slugs
  20 orcs
  9 ball pythons
  9 endoplasms
  11 giant cockroaches (D:3)
  7 goblins
  2 hobgoblins (D:1)
  10 jackals
  4 kobolds
  4 quokkas
  5 bats
  5 frilled lizards
  A rat (D:3)
114 creatures vanquished.

Notes
Turn   | Place    | Note
-------+----------+-------------------------------------------
     0 | D:1      | seaoflcl the Minotaur Fighter began the quest for the Orb.
     0 | D:1      | Reached XP level 1. HP: 19/19 MP: 0/0
     4 | D:1      | You fall into a shaft and drop 1 floor!
   214 | D:2      | Reached XP level 2. HP: 27/27 MP: 1/1
   923 | D:1      | Reached XP level 3. HP: 32/33 MP: 2/2
  1128 | D:1      | Found Asuiz's Book Boutique.
  1258 | D:1      | Reached skill level 1 in Maces & Flails
  1821 | D:3      | Reached XP level 4. HP: 21/40 MP: 3/3
  2037 | D:3      | Reached XP level 5. HP: 46/46 MP: 4/4
  2069 | D:3      | Found a faded altar of an unknown god.
  2164 | D:3      | Found a sparkling altar of Nemelex Xobeh.
  2358 | D:3      | Became a worshipper of Nemelex Xobeh the Trickster
  2395 | D:4      | Found a shimmering altar of Xom.
  2425 | D:4      | Found a basalt altar of Yredelemnul.
  2648 | D:4      | Reached skill level 1 in Invocations
  2648 | D:4      | Reached XP level 6. HP: 27/53 MP: 5/5
  3128 | D:4      | Reached skill level 1 in Evocations
  3394 | D:4      | Found a broken altar of Ashenzari.
  3446 | D:5      | Entered Level 5 of the Dungeon
  3457 | D:5      | Noticed an ice beast
  3464 | D:5      | Killed an ice beast
  3512 | D:5      | Reached skill level 5 in Fighting
  3512 | D:5      | Reached skill level 5 in Armour
  3512 | D:5      | Reached skill level 5 in Shields
  3512 | D:5      | Reached XP level 7. HP: 59/61 MP: 7/7
  3524 | D:5      | Found a transporter.
  3604 | D:5      | Reached skill level 1 in Throwing
  3721 | D:5      | Reached * piety under Nemelex Xobeh
  3854 | D:5      | Found a transporter.
  3999 | D:5      | Received a gift from Nemelex Xobeh
  4118 | D:5      | Succumbed to poison (poison gas)

Illustrated notes

Levels and vault maps discovered:
D:1:      dpeg_arrival_radiant, layout_basic, serial_shops, shop
D:2:      layout_basic
D:3:      minmay_roachtagon, layout_rooms, nemelex_diamond_rough_becter,
          dreamdust_ecumenical_altar_hidden_monk_grotto
D:4:      layout_cave_pools, mainiacjoe_overflow_brackets, xom_teletrap_fun,
          kennysheep_mini
D:5:      gammafunk_cloud_chamber, layout_rooms, nrook_campfire, chequers_jeans

Skill      XL: |  1  2  3  4  5  6  7 |
---------------+----------------------+-----
Axes           | 3 4 |  4.7
Armour         | 4 5 |  5.2
Shields        | 4 5 |  5.3
Fighting       | 4 5 |  5.3
Maces & Flails | 2 3 4 |  4.9
Invocations    | 1 2 |  2.0
Evocations     | 1 |  1.8
Throwing       | 1 |  1.4

Action                     |  1- 3 |  4- 6 |  7- 9 || total
---------------------------+-------+-------+-------++-------
  Melee: War axe           |    27 |       |       ||    27
         Headbutt          |    11 |    18 |    10 ||    39
         Mace              |    53 |   102 |    46 ||   201
  Throw: Boomerang         |       |     1 |       ||     1
 Invoke: Draw Escape       |       |       |     1 ||     1
    Use: Potion            |       |     3 |     1 ||     4
 Armour: Scale mail        |    31 |       |       ||    31
         Chain mail        |     8 |    78 |    19 ||   105
  Dodge: Dodged            |    38 |    50 |    20 ||   108
  Block: Buckler           |    16 |    27 |     7 ||    50
